 Dungeon Sprint DCSS version 0.16.1-28-gcc2312f (webtiles) character file.

265 Kidiri the Thaumaturge (level 5, 0/28 HPs)
             Began as a Deep Elf Summoner on May 29, 2015.
             Was an Initiate of Sif Muna.
             Slain by Sonja
             ... wielding a +0 short sword of draining
              (2 damage)
             ... in the Dungeon (Sprint I: "Red Sonja").
             The game lasted 00:09:46 (979 turns).

Kidiri the Thaumaturge (Deep Elf Summoner)           Turns: 979, Time: 00:09:46

Health: 0/28       AC:  2    Str:  5    XL:     5   Next: 99%
Magic:  2/24       EV: 15    Int: 21    God:    Sif Muna [......]
Gold:   66         SH:  0    Dex: 15    Spells: 6 memorised, 5 levels left

rFire  . . .     SeeInvis .     (no weapon)
rCold  . . .     Clarity  .     a - +0 robe
rNeg   . . .     SustAb   .     (no shield)
rPois  .         Gourm    .     (no helmet)
rElec  .         Spirit   .     (no cloak)
rCorr  .         Warding  .     (no gloves)
rMut   .         NoTele   +     (no boots)
MR     .....                    (no amulet)
Stlth  +++.......               (no ring)
                                (no ring)

@: lethally poisoned (0 -> -2), very slightly contaminated, slowed, drained,
very slow, not resistant to hostile enchantments, fairly stealthy
A: no striking features
a: Renounce Religion


You were in the Dungeon.
You worshipped Sif Muna.
Sif Muna was noncommittal.
You were not hungry.

You visited 1 branch You collected 332 gold pieces.
You spent 266 gold pieces at shops.

Inventory:

Missiles
 d - 2 curare-tipped needles
 i - 4 tomahawks (quivered)
Armour
 a - a +0 robe (worn)
Scrolls
 j - 3 scrolls of remove curse
 k - 2 scrolls of identify
 l - a scroll of blinking
Potions
 f - a potion of haste
 g - 2 potions of magic
 h - a potion of berserk rage
Books
 b - a book of Callings

   Spells                             Type                      Level
   a - Summon Small Mammal            Summoning                    1
   b - Call Imp                       Summoning                    2
   c - Call Canine Familiar           Summoning                    3
   d - Summon Guardian Golem          Hexes/Summoning              4
   e - Summon Lightning Spire         Summoning/Air                4
   f - Summon Ice Beast               Ice/Summoning                4
Comestibles
 c - a bread ration


   Skills:
 + Level 6.4(5.6) Dodging
 + Level 7.0(6.1) Stealth
 * Level 9.8(8.9) Spellcasting
 * Level 9.0(8.1) Summonings


You had 5 spell levels left.
You knew the following spells:

 Your Spells              Type           Power        Failure   Level  Hunger
a - Summon Small Mammal   Summ           ####         1%          1    None
b - Call Imp              Summ           #####...     1%          2    None
c - Call Canine Familiar  Summ           #####...     1%          3    None
d - Summon Guardian Gole  Hex/Summ       ####....     17%         4    ###....
e - Summon Ice Beast      Ice/Summ       ####....     17%         4    ###....
f - Summon Lightning Spi  Summ/Air       ####....     17%         4    ###....


Dungeon Overview and Level Annotations

Branches:
Dungeon (1/1)

Altars:
Cheibriados
Dithmenos
Elyvilon
Fedhas
Gozag
Kikubaaqudgha
Makhleb
Nemelex Xobeh
Okawaru
Qazlal
Ru
Sif Muna
Trog
Vehumet
Xom
Yredelemnul
Zin
The Shining One
Jiyva

Shops:
D ?

Annotations:
D Sonja


Message History

Aim: Sonja, wielding a short sword of draining (heavily wounded) That space is already occupied.
Casting: Summon Lightning Spire
Confirm with . or Enter, or press ? or * to list all spells.
Aiming: Summon Lightning Spire
Press: ? - help, Dir - move target cursor, p - Sonja You miscast Summon Lightning Spire.
You are very lightly contaminated with residual magic.
You hear a crackling sound.
You feel sick.
Your white imp misses Sonja.
Sonja hits you with an uncursed short sword of draining.
You feel drained.
Sonja hits you with an uncursed short sword of draining.
* * * LOW HITPOINT WARNING * * *
You feel drained.
* * * LOW HITPOINT WARNING * * *
Sonja hits you with an uncursed short sword of draining.
* * * LOW HITPOINT WARNING * * *
You feel drained.
You die...

#..####..#...#.####§§
#..#__####..##(#§§≈§c
#..#_..__##'#..+≈§
#⌠⌠#_.∩...'(.._#§§§
####_..._##_.#'# +#
#_____###'#.#
#########.###


+K5Y+ #@.$# ##.## #+# You could see Sonja, a friendly ice beast and a friendly
white imp.

Vanquished Creatures (collateral kills)
  A slime creature (D)
  A yak (D)
  An ogre (D)
  Sigmund (D)
  A jelly (D)
  Ijyb (D)
6 creatures vanquished.

Vanquished Creatures (others)
  A gargoyle (D)
  2 wolves (D)
  An ice beast (D)
  A guardian golem (D)
  2 crimson imps (D)
  2 hounds (D)
  2 shadow imps (D)
11 creatures vanquished.

Grand Total: 17 creatures vanquished

Notes
Turn   | Place    | Note
--------------------------------------------------------------
     0 | D        | Kidiri, the Deep Elf Summoner, began the quest for the Orb.
     0 | D        | Reached XP level 1. HP: 10/10 MP: 5/5
     2 | D        | Noticed Ijyb
    17 | D        | Killed Ijyb
    17 | D        | Reached skill level 5 in Summonings
    17 | D        | Reached XP level 2. HP: 13/15 MP: 0/9
    21 | D        | Learned a level 2 spell: Call Imp
   105 | D        | Noticed an ogre
   115 | D        | Killed an ogre
   115 | D        | Reached skill level 6 in Spellcasting
   115 | D        | Reached XP level 3. HP: 19/19 MP: 0/15
   120 | D        | Learned a level 3 spell: Call Canine Familiar
   239 | D        | Noticed Sigmund
   320 | D        | Killed Sigmund
   320 | D        | Reached skill level 5 in Stealth
   320 | D        | Reached skill level 7 in Spellcasting
   320 | D        | Reached XP level 4. HP: 8/24 MP: 0/20
   519 | D        | Learned a level 4 spell: Summon Guardian Golem
   524 | D        | Learned a level 4 spell: Summon Ice Beast
   547 | D        | Found a snail-covered altar of Cheibriados.
   547 | D        | Found a viscous altar of Jiyva.
   547 | D        | Found a shadowy altar of Dithmenos.
   547 | D        | Found a blossoming altar of Fedhas.
   547 | D        | Noticed a slime creature
   580 | D        | Killed a slime creature
   580 | D        | Reached skill level 5 in Dodging
   580 | D        | Reached skill level 8 in Spellcasting
   580 | D        | Reached XP level 5. HP: 9/28 MP: 13/23
   586 | D        | Learned a level 4 spell: Summon Lightning Spire
   671 | D        | Killed a gargoyle
   853 | D        | Found a deep blue altar of Sif Muna.
   854 | D        | Noticed a jelly
   861 | D        | Killed a jelly
   861 | D        | Reached skill level 9 in Spellcasting
   864 | D        | Found a radiant altar of Vehumet.
   869 | D        | Became a worshipper of Sif Muna the Loreminder
   877 | D        | Noticed a centaur warrior
   883 | D        | Noticed Sonja
   887 | D        | Found Shafef's Magic Scroll Emporium.
   887 | D        | Found a white marble altar of Elyvilon.
   887 | D        | Found a stormy altar of Qazlal.
   887 | D        | Found a burning altar of Makhleb.
   887 | D        | Found a sacrificial altar of Ru.
   887 | D        | Found a basalt altar of Yredelemnul.
   887 | D        | Found a glowing golden altar of the Shining One.
   887 | D        | Found a sparkling altar of Nemelex Xobeh.
   887 | D        | Found a shimmering altar of Xom.
   887 | D        | Found an opulent altar of Gozag.
   887 | D        | Found an ancient bone altar of Kikubaaqudgha.
   887 | D        | Found a glowing silver altar of Zin.
   887 | D        | Noticed a yak
   920 | D        | Killed a yak
   922 | D        | Found an iron altar of Okawaru.
   923 | D        | Found a bloodstained altar of Trog.
   927 | D        | Bought 3 scrolls of remove curse for 117 gold pieces
   927 | D        | Bought a scroll of identify for 26 gold pieces
   927 | D        | Bought a scroll of blinking for 97 gold pieces
   927 | D        | Bought a scroll of identify for 26 gold pieces
   979 | D        | Slain by Sonja

Action                   |  1- 3 |  4- 6 || total
-------------------------+-------+-------++-------
Melee: Unarmed           |     7 |       ||     7
 Cast: Summon Small Mamm |     8 |       ||     8
       Call Imp          |    11 |     4 ||    15
       Call Canine Famil |     3 |     4 ||     7
       Summon Ice Beast  |       |     5 ||     5
       Summon Guardian G |       |     3 ||     3
  Use: Scroll            |       |     1 ||     1
       Potion            |       |     2 ||     2
  Eat: Chunk             |       |     1 ||     1
